Map: Newkirk Precinct TE (Void)

Players

Timorus

  • Race: Terran Terran
  • League: Grandmaster
  • Spawn Location: 7:00

FLORENCIO - Winner!

  • Race: Protoss Protoss
  • League: Master
  • Spawn Location: 5:00

VOD

Have the link to the VOD?

Description

Time

  • Played on: Feb. 1, 2017, 11:02 p.m.
  • Length: 9:43
Show
View Real Time Build Order
Export as new Build Order

Timorus Terran 

Build Orders:  

Get SALT Encoding   

  12  0:02  SCV  
  14  0:14  SCV  
  14  0:23  Supply Depot  
  14  0:25  Refinery  
  14  0:29  SCV  
  15  0:45  SCV  
  15  0:49  Barracks  
  16  0:57  SCV  
  17  1:11  SCV  
  18  1:21  Barracks  
  18  1:23  SCV  
  19  1:36  Marine  
  19  1:38  Bunker  
  20  1:40  SCV  
  21  1:54  Marine  
  22  2:02  Orbital Command  
  22  2:10  Marine  
  22  2:14  Supply Depot  
  23  2:20  Barracks  
  23  2:31  Barracks  
  23  2:36  Marine x2  
  25  2:42  Barracks  
  25  2:45  SCV  
  26  2:53  Supply Depot, Marine  
  26  2:54  Marine  
  28  3:08  Supply Depot, Marine  
  28  3:09  SCV  
  28  3:11  Marine  
  31  3:14  Marine  
  31  3:17  Marine  
  33  3:22  Supply Depot  
  33  3:24  SCV  
  33  3:26  Marine  
  34  3:30  Marine x2  
  34  3:34  Marine  
  37  3:37  SCV  
  38  3:44  Marine x2  
  40  3:49  SCV, Marine  
  40  3:53  Marine  
  43  4:01  SCV  
  47  4:16  Orbital Command  
  42  4:23  Marine x2  
  41  4:47  Marine  
  41  5:01  Marine  
  41  5:02  Marine  
  41  5:03  SCV  
  44  5:10  Marine  
  45  5:19  Marine  
  46  5:22  SCV  
  46  5:23  Supply Depot  
  45  5:33  Marine  
  45  5:34  SCV  
  46  5:44  Marine  
  46  5:45  Engineering Bay  
  32  6:06  Orbital Command  
  32  6:09  Marine  
  29  6:14  Marine  
  30  6:43  SCV  
  30  6:45  Marine  
  32  6:55  Marine  
  32  6:57  SCV, Orbital Command  
  31  7:41  Orbital Command  
  27  8:12  SCV  
  28  8:19  Barracks  
  28  8:20  Supply Depot  
  28  8:33  Supply Depot  
  28  8:42  SCV  
  29  9:09  SCV  
Show
View Real Time Build Order
Export as new Build Order

FLORENCIO Protoss - Winner!

Build Orders:  

Get SALT Encoding   

  12  0:01  Probe (Chrono Boost)  
  13  0:11  Probe (Chrono Boost)  
  14  0:22  Probe (Chrono Boost)  
  14  0:25  Pylon  
  15  0:43  Probe (Chrono Boost)  
  16  0:53  Assimilator  
  16  0:54  Gateway  
  16  0:55  Probe (Chrono Boost)  
  17  0:58  Assimilator  
  17  1:03  Pylon  
  17  1:08  Probe (Chrono Boost)  
  18  1:18  Probe (Chrono Boost)  
  19  1:28  Gateway  
  19  1:29  Probe (Chrono Boost)  
  21  1:40  Probe (Chrono Boost)  
  21  1:48  Cybernetics Core  
  21  2:01  Pylon  
  21  2:09  Probe (Chrono Boost)  
  21  2:19  Probe (Chrono Boost)  
  22  2:25  Stargate  
  22  2:26  Stargate  
  22  2:29  Zealot  
  24  2:38  Pylon  
  24  2:41  Probe (Chrono Boost)  
  25  3:05  Pylon  
  25  3:08  Void Ray  
  25  3:10  Void Ray  
  33  3:36  Probe (Chrono Boost)  
  34  3:42  Pylon  
  34  3:50  Mothership Core (Chrono Boost)  
  34  4:10  Gateway  
  34  4:16  Forge  
  34  4:23  Void Ray  
  34  4:29  Void Ray  
  39  4:55  Pylon  
  35  5:00  Mothership Core (Chrono Boost)  
  30  6:25  Pylon  
  30  6:28  Pylon  
  30  6:48  Photon Cannon  
  30  6:50  Photon Cannon  
  30  6:52  Photon Cannon  
  31  7:03  Probe (Chrono Boost)  
  31  7:15  Probe (Chrono Boost)  
  32  7:20  Photon Cannon  
  32  7:52  Void Ray  
  37  8:21  Probe (Chrono Boost)  
  37  8:33  Probe (Chrono Boost)  
  38  8:45  Probe (Chrono Boost)  
  39  8:57  Probe (Chrono Boost)  
  41  9:10  Probe (Chrono Boost)  
  41  9:22  Probe (Chrono Boost)  
Tags
 
Add a new tag
Caveats
  • Supply blocks, unpowered buildings, or Contaminate may cause inaccurate times.
  • Supply counts are checked every 10 seconds.